cohdb
Replays
Latest Replays
All Replays
Popular Replays
Top Player Replays
Match Explorer
How It Works
Community
CoH3 Stats
Reddit
Sign in to upload your games and track your stats! →
Sign in with Steam
Match 43859872
Unlisted
Match 43859872
Overview
Messages
Build Orders
End
Construct Section Command Post
Selects Canadian Shock Battlegroup
Vickers Machine Gun Team
Infantry Section
Vickers Machine Gun Team
Construct Field Infirmary
Selects Offensive Resupply
Selects Canadian Shock Section
Canadian Shock Section
Selects Incendiary Munitions
Grenade Package
Infantry Section
Selects Pyrotechnics
Construct Platoon Command Post
Canadian Shock Section
FIREBALL
Grongolock
0
0
Comments
sign in to comment!
No comments posted yet!